 Dungeon Crawl Stone Soup version 0.29-a0-9-g022ca4c (webtiles) character file.

Game seed: 17623883999719288752

15 Illumine the Grave Robber (level 2, -1/19 HPs)
             Began as a Mummy Necromancer on Jan 28, 2022.
             Slain by a ball python (2 damage)
             ... on level 1 of the Dungeon.
             The game lasted 00:01:44 (775 turns).

Illumine the Grave Robber (Mummy Necromancer)        Turns: 775, Time: 00:01:45

Health: -1/19      AC:  2    Str: 11    XL:     2   Next: 34%
Magic:  6/6        EV: 12    Int: 14    God:
Gold:   18         SH:  0    Dex: 12    Spells: 6/7 levels left

rFire   x . .      SeeInvis .   e - +0 short sword
rCold   + . .      Faith    .   (no shield)
rNeg    + + +      Spirit   .   a - +0 robe
rPois   ∞          Reflect  .   (no helmet)
rElec   .          Harm     .   (no cloak)
rCorr   .          Rampage  .   (no gloves)
Will    .....                   (no boots)
Stlth   ++........              (no amulet)
HPRegen 0.06/turn               (no ring)
MPRegen 0.10/turn               (no ring)

@: no status effects
A: cold resistance 1, negative energy resistance 3, torment resistance 2, heat
vulnerability 1, no potions
a: no special abilities


You were on level 1 of the Dungeon.
You visited 1 branch of the dungeon, and saw 2 of its levels.

You collected 18 gold pieces.

Inventory:

Hand Weapons
 c - a +0 spear
 d - a +0 dagger
 e - a +0 short sword (weapon)
Armour
 a - a +0 robe (worn)
Scrolls
 b - a scroll of magic mapping {unknown}


   Skills:
 - Level 1.5 Dodging
 - Level 1.5 Stealth
 + Level 3.0 Spellcasting
 + Level 4.5 Necromancy


You had 6 spell levels left.
You knew the following spells:

 Your Spells              Type           Power      Damage    Failure   Level
a - Pain                  Necr           56%        1d6       3%          1

Your spell library contained the following spells:

 Spells                   Type           Power      Damage    Failure   Level
 Animate Skeleton         Necr           28%        N/A       3%          1
 Vampiric Draining        Necr           14%        2d7       10%         3
 Animate Dead             Necr           7%         N/A       32%         4
 Agony                    Necr           14%        N/A       67%         5


Dungeon Overview and Level Annotations

Branches:
Dungeon (2/15)

Altars:


Innate Abilities, Weirdness & Mutations

You are immune to poison.
Your flesh is cold resistant. (rC+)
You are immune to negative energy. (rN+++)
You are immune to unholy pain and torment.
You are vulnerable to heat. (rF-)
You do not drink.


Message History

a pink potion; a hobgoblin corpse You start resting.
A worm is nearby!
A worm is nearby!
You start resting.
Magic restored.
You start resting.
A worm is nearby!
Found a short sword.
You see here a +0 short sword.
e - a +0 short sword
e - a +0 short sword (weapon)
You start resting.
HP restored.
Found a stone staircase leading down.
Okay, then.
There is a stone staircase leading up here.
You climb upwards.
The ball python bites you. The ball python grabs you.
The ball python constricts you. The ball python bites you.
The hobgoblin hits you but does no damage.
The ball python barely misses you. The ball python constricts you.
The ball python barely misses you.
There is a stone staircase leading down here.
You escape the ball python's grasp.
The hobgoblin hits you but does no damage.
The goblin hits you with a +0 dagger. The ball python barely misses you.
The ball python grabs you.
You stop descending the stairs.
The ball python constricts you.
You escape the ball python's grasp.
The ball python barely misses you. The ball python grabs you.
You stop descending the stairs.
The ball python constricts you. The goblin hits you with a +0 dagger.
The ball python bites you but does no damage.
The ball python constricts you.
Unknown command.
You escape the ball python's grasp.
The ball python barely misses you. x2
The goblin hits you with a +0 dagger.
* * * LOW HITPOINT WARNING * * *
The hobgoblin completely misses you. The goblin hits you with a +0 dagger.
* * * LOW HITPOINT WARNING * * *
The ball python bites you.
You die...

g..###...g...#####.
.....###$..........
....g..###...##### .
........?###g....# ..
.....g.###..gS#### ..
.....###......# .#
...###...###.#### ..#
##.. ..###.....g##..#
... # #..)...Bg@S.?#
#..###?B.......Sg...#
.....###............# #
#....###.............
###......###.##..######
...##........##..#
.........##......#
......#.....###.##
##..#..###..# #.#


You could see a giant cockroach, a hobgoblin, 2 goblins and 2 ball pythons.

Vanquished Creatures
  2 giant cockroaches
  2 hobgoblins (D:2)
  3 jackals (D:2)
  A quokka (D:1)
  2 bats (D:1)
  A goblin (D:1)
  2 rats (D:1)
13 creatures vanquished.

Notes
Turn   | Place    | Note
-------+----------+-------------------------------------------
     0 | D:1      | Illumine the Mummy Necromancer began the quest for the Orb.
     0 | D:1      | Reached XP level 1. HP: 13/13 MP: 4/4
   131 | D:1      | You fall into a shaft and drop 1 floor!
   216 | D:2      | Reached XP level 2. HP: 19/19 MP: 0/5
   775 | D:1      | Slain by a ball python

Illustrated notes

Levels and vault maps discovered:
D:1:      minmay_arrival_plants_in_alcoves, layout_rooms, minmay_unequal
D:2:      minmay_roachtagon, layout_loops_ring, kennysheep_minor_cross,
          serial_bayou_pond_e

Skill      XL: |  1  2 |
---------------+-------+-----
Spellcasting   | 3 |  3.0
Dodging        | |  1.5
Stealth        | |  1.5
Necromancy     | |  4.5

Action                   || total
-------------------------++-------
 Cast: Pain              ||    31
Armor: Robe              ||    10
Dodge: Dodged            ||    22

Table legend: (Time is in decaauts)
 A = Elapsed time spent in this place.
 B = Non-inter-level travel time spent in this place.
 C = Inter-level travel time spent in this place.
 D = Time resting spent in this place.
 E = Time spent auto-exploring this place.
 F = Levels seen in this place.
 G = Mean time per level.
                   A        B        C        D        E       F      G
               +--------+--------+--------+--------+--------+-----+--------+
         Total |    775 |    775 |      0 |    241 |    309 |   2 |  387.5 |
       Dungeon |    775 |    775 |      0 |    241 |    309 |   2 |  387.5 |
               +--------+--------+--------+--------+--------+-----+--------+

Top non-repeatable levels by time:
     D:2: 442 daAuts
     D:1: 333 daAuts
